 Dungeon Crawl Stone Soup version 0.27-a0-1519-gc8121b24ce (webtiles) character file.

Game seed: 10338986057556641213

277 Conn the Firebug (level 6, -2/36 HPs)
             Began as an Octopode Fire Elementalist on July 10, 2021.
             Was a Priest of Cheibriados.
             Slain by a starspawn tentacle (3 damage)
             ... attached to a tentacled starspawn
             ... on level 1 of the Abyss.
             The game lasted 00:07:28 (4414 turns).

Conn the Firebug (Octopode Fire Elementalist)       Turns: 4414, Time: 00:07:29

Health: -2/36      AC:  1    Str: 15    XL:     6   Next: 25%
Magic:  11/11      EV: 10    Int: 26    God:    Cheibriados [***...]
Gold:   112        SH:  5    Dex: 19    Spells: 5/12 levels left

rFire    . . .     SeeInvis .   s - staff of conjuration
rCold    . . .     Faith    .   (no shield)
rNeg     . . .     Spirit   .   (helmet restricted)
rPois    .         Reflect  +   b - amulet of reflection
rElec    .         Harm     .   (no ring)
rCorr    .         Rampage  .   (no ring)
Will     .....                  (no ring)
Stlth    ++++......             (no ring)
HPRegen  0.12/turn              (no ring)
MPRegen  0.12/turn              (no ring)
                                (no ring)
                                (no ring)

@: constricted, very slow
A: almost no armour, amphibious, 8 rings, camouflage 1, gelatinous body 1,
(nimble swimmer 1), tentacles
a: Renounce Religion, Bend Time, Temporal Distortion


You were on level 1 of the Abyss.
You worshipped Cheibriados.
Cheibriados was most pleased with you.
You visited 1 branch of the dungeon, and saw 4 of its levels.
You visited the Abyss 1 time.

You collected 162 gold pieces.
You spent 50 gold pieces at shops.

Inventory:

Hand Weapons
 a - a +0 dagger
 h - a +0 spear of distortion
Missiles
 e - 6 curare-tipped darts (quivered)
 j - 13 poisoned darts
Armour
 n - a +0 buckler
Magical Staves
 s - a staff of conjuration (weapon)
Jewellery
 b - an amulet of reflection (around mantle)
Wands
 g - a wand of iceblast (6)
 u - a wand of paralysis (8)
Scrolls
 c - a scroll of fear
 f - 2 scrolls of teleportation {unknown}
 i - a scroll of blinking {unknown}
 o - a scroll of immolation {unknown}
 q - a scroll of identify {unknown}
 r - a scroll of fog {unknown}
Potions
 d - a potion of berserk rage {unknown}
 k - a potion of mutation {unknown}
 l - 2 potions of degeneration {unknown}
 m - a potion of invisibility {unknown}
 p - 2 potions of attraction {unknown}
 t - a potion of curing {unknown}


   Skills:
 + Level 0.2 Fighting
 + Level 1.0 Polearms
 + Level 2.0 Dodging
 + Level 3.4 Stealth
 * Level 0.9 Shields
 + Level 3.5 Spellcasting
 * Level 2.2 Conjurations
 * Level 4.9 Fire Magic


You had 5 spell levels left.
You knew the following spells:

 Your Spells              Type           Power      Damage    Failure   Level
a - Foxfire               Conj/Fire      100%       2x1d9     1%          1
b - Conjure Flame         Conj/Fire      34%        6-21      6%          3
c - Inner Flame           Hex/Fire       17%        N/A       10%         3

Your spell library contained the following spells:

 Spells                   Type           Power      Damage    Failure   Level
 Shock                    Conj/Air       60%        1d6       5%          1
 Slow                     Hex            4%         N/A       14%         2
 Sticky Flame             Conj/Fire      34%        2d5       21%         4
 Confusing Touch          Hex            4%         N/A       26%         3
 Ozocubu's Armour         Ice            4%         N/A       26%         3
 Vampiric Draining        Necr           2%         2d6       26%         3
 Fireball                 Conj/Fire      17%        3d9       50%         5
 Ozocubu's Refrigeration  Ice            2%         4d5       100%        7


Dungeon Overview and Level Annotations

Branches:
Dungeon (4/15)
 Temple: D:4-7

Altars:
Cheibriados

Shops:
D:2 *


Innate Abilities, Weirdness & Mutations

You cannot wear most types of armour.
You are amphibious.
You can wear up to eight rings at the same time.
Your skin changes colour to match your surroundings (Stealth+).
Your rubbery body absorbs attacks. (AC +1, EV +1)
((You are camouflaged near water. (Stealth+)))
You have tentacles for arms and can constrict up to eight enemies at once.


Message History

Casting: Foxfire (safe; 1% risk of failure)
Confirm with . or Enter, or press ? or * to list all spells.
Okay, then.
Okay, then.
Okay, then.
Unknown command.
Unknown command.
You block the starspawn tentacle's attack.
The green ugly thing trunk-slaps you.
* * * LOW HITPOINT WARNING * * *
The starspawn tentacle closely misses you.
The green ugly thing basks in the mutagenic energy from its kin and changes!
A tentacle flies out from the starspawn's body!
The starspawn tentacle grabs you.
* * * LOW HITPOINT WARNING * * *
The starspawn tentacle constricts you.
The starspawn tentacle loses its grip on you.
The tentacle pulls you backwards!
As you read the scroll labelled GULUTI BEBY, it crumbles to dust.
You assume a fearsome visage.
The hobgoblin looks frightened!
The tentacled starspawn is unaffected.
The starspawn tentacle segment is unaffected.
The starspawn tentacle is unaffected.
The brown very ugly thing looks frightened!
The green ugly thing easily resists.
The green ugly thing looks frightened!
The brown ugly thing looks frightened!
The starspawn tentacle segment is unaffected. x2
It was a scroll of fear.
The starspawn tentacle grabs you.
* * * LOW HITPOINT WARNING * * *
The starspawn tentacle constricts you.
The starspawn tentacle loses its grip on you.
The tentacle pulls you backwards! The starspawn tentacle grabs you.
* * * LOW HITPOINT WARNING * * *
The starspawn tentacle constricts you.
A starspawn tentacle comes into view.
You escape the starspawn tentacle's grasp.
The hobgoblin supplicates, "Please don't kill me!"
Okay, then.
The starspawn tentacle grabs you.
You die...

#.. ............∩.
#...#..............
#...###............
#.......#.....u...
#....)..#...g.....
...........#.u.......
##. ........X.>u.....
#.#..##...#w#w#....#.
##..# #.###@#│..#...
##. #.#....w..#.###.
.. ###..#.....# #
#.##.###..# #.# .##
..# #. .# ## # . #


You could see a tentacled starspawn, a brown ugly thing and 2 starspawn
tentacles.

Vanquished Creatures
  A bullfrog skeleton (D:4)
  An iguana (D:3)
  8 gnolls (D:2)
  5 adders
  An ufetubus (D:4)
  3 worms
  A dart slug (D:4)
  An orc (D:2)
  12 endoplasms
  4 giant cockroaches
  8 goblins
  6 hobgoblins
  4 jackals
  5 quokkas
  8 ball pythons
  2 bats
  5 frilled lizards
  7 kobolds
  6 rats
88 creatures vanquished.

Vanquished Creatures (others)
  238 foxfires
  A fungus (D:2)
  2 plants (D:2)
  8 starspawn tentacles (Abyss:1)
249 creatures vanquished.

Grand Total: 337 creatures vanquished

Notes
Turn   | Place    | Note
-------+----------+-------------------------------------------
     0 | D:1      | Conn the Octopode Fire Elementalist began the quest for the
                  | Orb.
     0 | D:1      | Reached XP level 1. HP: 11/11 MP: 3/3
   224 | D:1      | Reached XP level 2. HP: 17/17 MP: 1/5
  1235 | D:1      | Reached XP level 3. HP: 21/21 MP: 3/6
  1583 | D:2      | Learned a level 3 spell: Conjure Flame
  1797 | D:2      | Found a faded altar of an unknown god.
  1811 | D:2      | Got Plato's Catalogue of the Birds
  1952 | D:2      | Became a worshipper of Cheibriados the Contemplative
  1952 | D:2      | Reached * piety under Cheibriados
  1955 | D:2      | Found Itearopt's General Store.
  1960 | D:2      | Bought 6 curare-tipped darts for 50 gold pieces
  2003 | D:2      | Learned a level 3 spell: Inner Flame
  2084 | D:2      | Reached XP level 4. HP: 27/27 MP: 5/7
  2228 | D:2      | Reached skill level 4 in Fire Magic
  2330 | D:2      | Reached XP level 5. HP: 31/31 MP: 5/9
  2732 | D:2      | Reached ** piety under Cheibriados
  4127 | D:4      | Reached XP level 6. HP: 36/36 MP: 9/11
  4334 | D:4      | Reached *** piety under Cheibriados
  4345 | D:4      | Reached skill level 1 in Polearms
  4382 | D:4      | Cast into level 1 of the Abyss (unwielding a weapon of
                  | distortion)
  4397 | Abyss:1  | Noticed a tentacled starspawn
  4403 | Abyss:1  | Noticed a green ugly thing
  4405 | Abyss:1  | Noticed a green ugly thing
  4406 | Abyss:1  | Noticed a green very ugly thing
  4408 | Abyss:1  | Noticed a green ugly thing
  4412 | Abyss:1  | HP: 1/36 [starspawn tentacle[a tentacled starspawn] (3)]
  4414 | Abyss:1  | Slain by a starspawn tentacle

Illustrated notes

Levels and vault maps discovered:
D:1:      ncdulo_wetmaze, layout_loops_corners, minmay_statues_item
D:2:      layout_loops_cross, shapermc_ecumenical_altar_rom_forum, serial_shops,
          shop
D:3:      layout_loops_corners, minmay_misc_feat_tiny, minmay_curled_crystal
D:4:      layout_basic
Abyss:1:  base:
D:3

Skill      XL: |  1  2  3  4  5  6 |
---------------+-------------------+-----
Stealth        | 3 |  3.4
Spellcasting   | 3 |  3.5
Fire Magic     | 4 |  4.9
Conjurations   | 2 |  2.2
Polearms       | 1 |  1.0
Fighting       | |  0.2
Dodging        | |  2.0
Shields        | |  0.9

Action                   |  1- 3 |  4- 6 || total
-------------------------+-------+-------++-------
Melee: Dagger            |    17 |     2 ||    19
       Constrict         |     4 |     9 ||    13
       Tentacles         |     1 |     8 ||     9
       Spear             |       |    36 ||    36
Throw: Dart              |       |     5 ||     5
 Cast: Foxfire           |    66 |    72 ||   138
  Use: Scroll            |       |     1 ||     1
 Stab: Sleeping          |     3 |     9 ||    12
Armor: Skin              |     3 |     3 ||     6
Dodge: Dodged            |    13 |    38 ||    51
Block: Other             |     1 |    14 ||    15

Table legend: (Time is in decaauts)
 A = Elapsed time spent in this place.
 B = Non-inter-level travel time spent in this place.
 C = Inter-level travel time spent in this place.
 D = Time resting spent in this place.
 E = Time spent auto-exploring this place.
 F = Levels seen in this place.
 G = Mean time per level.
                   A        B        C        D        E       F      G
               +--------+--------+--------+--------+--------+-----+--------+
         Total |   5167 |   5009 |    158 |     61 |   3911 |   5 | 1033.4 |
       Dungeon |   5119 |   4961 |    158 |     61 |   3911 |   4 | 1279.8 |
         Abyss |     47 |     47 |      0 |      0 |      0 |   1 |   47.0 |
               +--------+--------+--------+--------+--------+-----+--------+

Top non-repeatable levels by time:
     D:2: 1708 daAuts
     D:1: 1539 daAuts
     D:3: 1510 daAuts
     D:4: 362 daAuts
 Abyss:1: 47 daAuts
